AoeStats
← Kiritastrich

Marketplace

506474120Analyzed
1v1 RM · 18d ago on Sep 13, 2026· 40m 11s· 2 players
Game mode
Random Map
Map size
Tiny (2 player)
Population
200
Speed
Normal
Resources
Standard
Victory
Conquest
Starting age
Dark Age
Ending age
Imperial Age
RankedLock teamsTeams togetherTeam positionsShared explorationLock speedFull tech treeHidden civsTurbo modeCheats
Victory
Defeat
🇷🇺 Inca · Russia
1761
+13
🇺🇸 Saracens · United States
1684
-13
The Crusader
6:23 Loom
8:50 Feudal Age
10:05 Double-Bit Axe
17:18 Horse Collar
18:14 Wheelbarrow
22:39 Castle Age
21:33 Bloodlines
21:32 Scale Barding Armor
21:50 Gold Mining
22:37 Forging
23:41 Chain Barding Armor
24:42 Husbandry
26:59 Elite Skirmisher
27:58 Fletching
28:41 Bodkin Arrow
29:10 Padded Archer Armor
34:45 Bow Saw
38:42 Ballistics
Kiritastrich
5:41 Loom
9:29 Feudal Age
10:01 Champi Runner
20:57 Castle Age
19:19 Double-Bit Axe
20:11 Fletching
20:29 Horse Collar
21:45 Bodkin Arrow
21:16 Crossbowman
22:46 Bow Saw
23:25 Pikeman
24:08 Padded Archer Armor
25:50 Ballistics
26:57 Scale Mail Armor
28:14 Chain Mail Armor
28:03 Squires
29:16 Arson
32:57 Forging
38:47 Champi Warrior
Connection lost

Rejoining the realm…

Still unreachable

The connection could not be restored.

Session expired

The server has moved on; the page needs a fresh start.